 Dungeon Crawl Stone Soup version 0.27-a0-1206-g6342a01c75 (webtiles) character file.

Game seed: 15082905242407318516

41 Froggeryz the Chopper (level 3, -1/46 HPs)
             Began as a Palentonga Chaos Knight on June 5, 2021.
             Was a Plaything of Xom.
             Slain by a lindwurm (shapeshifter) (3 damage)
             ... on level 2 of the Dungeon.
             The game lasted 00:02:00 (1063 turns).

Froggeryz the Chopper (Palentonga Chaos Knight)     Turns: 1063, Time: 00:02:00

Health: -1/46      AC: 21    Str: 16    XL:     3   Next: 32%
Magic:  12/12      EV:  1    Int: 12    God:    Xom [...*..]
Gold:   64         SH:  0    Dex:  9    Spells: 2/2 levels left

rFire    . . .     SeeInvis +   a - +0 hand axe (chaos)
rCold    . . .     Faith    .   (no shield)
rNeg     + + +     Spirit   .   (armour currently unavailable)
rPois    +         Reflect  .   (helmet currently unavailable)
rElec    .         Harm     .   (cloak currently unavailable)
rCorr    .         Rampage  .   (gloves currently unavailable)
Will     .....     NoTele   +   (no barding)
Stlth    +.........             (no amulet)
HPRegen  0.15/turn              h - ring of magical power
MPRegen  0.13/turn              (no ring)

@: tree-form
A: stationary, stasis, torment immunity, boosted hp, large, rugged brown scales
3, see invisible, (deformed body), (roll 1), (armoured tail)
a: Renounce Religion


You were on level 2 of the Dungeon.
You worshipped Xom.
You were a favourite toy of Xom.
You were a tree.
You visited 1 branch of the dungeon, and saw 2 of its levels.

You collected 64 gold pieces.

Inventory:

Hand Weapons
 a - a +0 hand axe of chaos (weapon)
 i - a +0 hand axe
Armour
 b - a +2 leather armour (melded)
Jewellery
 f - an amulet of the acrobat
 h - a ring of magical power (left branch)


   Skills:
 - Level 3.0 Fighting
 * Level 4.4 Axes
 - Level 1.5 Armour
 - Level 0.7 Dodging


You had 2 spell levels left.
You didn't know any spells.
Your spell library contained the following spells:

 Spells                   Type           Power      Damage    Failure   Level
 Magic Dart               Conj           0%         1d3       32%         1
 Blink                    Tloc           N/A        N/A       45%         2
 Call Imp                 Summ           0%         N/A       45%         2
 Slow                     Hex            0%         N/A       45%         2
 Conjure Flame            Conj/Fire      0%         6-21      69%         3
 Mephitic Cloud           Conj/Pois/Air  0%         N/A       69%         3


Dungeon Overview and Level Annotations

Branches:
Dungeon (2/15)

Altars:

Shops:
D:1 !


Innate Abilities, Weirdness & Mutations

You are a tree.
Your roots penetrate the ground, keeping you stationary.
You cannot be teleported.
You are immune to unholy pain and torment.
Your maximum health is greatly increased.
Your equipment is partially melded.
(You are completely covered in rugged brown scales. (AC +3, +7% HP))
You have supernaturally acute eyesight. (SInv)
((Armour fits poorly on your strangely shaped body.))
((You can roll at nearby foes to attack.))
((You have a long armoured tail.))


Message History

You completely miss the goblin. The goblin closely misses you.
The blink frog blinks!
Really quaff the potion of lignification?
You turn into a tree.
Your +2 leather armour melds into your body.
Your roots penetrate the ground.
The blink frog blinks!
The goblin hits you but does no damage.
Okay, then.
Okay, then.
You hit the blink frog. You burn the blink frog.
The blink frog is moderately wounded.
You hit the goblin.
You kill the goblin!
The blink frog hits you.
* * * LOW HITPOINT WARNING * * *
The blink frog hits you but does no damage.
You hit the blink frog.
Space bends around the blink frog.
The blink frog is heavily wounded.
The blink frog hits you but does no damage.
The blink frog blinks!
You cannot move.
You aren't carrying any items that you can evoke.
You aren't carrying any potions.
You aren't carrying any scrolls.
You cannot move.
The blink frog blinks!
The blink frog blinks!
The blink frog changes into a lindwurm!
You hit the lindwurm but do no damage.
The lindwurm seems to speed up.
The lindwurm bites you but does no damage.
The lindwurm claws you but does no damage. x2
The lindwurm breathes flames at you. The blast of flame hits you.
* * * LOW HITPOINT WARNING * * *
You hit the lindwurm. Lightning courses through the lindwurm!
The lindwurm is moderately wounded.
The lindwurm bites you but does no damage.
The lindwurm claws you.
You die...
Xom roars with laughter!

#..........#.###.###.#
#................###g#
#.####.#.###......##.#
# #.#.#######..##.#
#.#.##........F.#
#.#.###.####.####
#.#.# #.# #.# #.#.#
#k# ### #.# #♣# #.#
#.# #.# ..# ###


You could see a lindwurm shaped shifter (fast, catching breath).

Vanquished Creatures
  A dart slug (D:1)
  4 endoplasms (D:1)
  2 giant cockroaches (D:1)
  2 goblins
  6 hobgoblins
  2 jackals (D:2)
  4 quokkas
  2 ball pythons (D:1)
  2 bats (D:1)
  3 frilled lizards
  4 kobolds
  3 rats (D:1)
35 creatures vanquished.

Notes
Turn   | Place    | Note
-------+----------+-------------------------------------------
     0 | D:1      | Froggeryz the Palentonga Chaos Knight began the quest for
                  | the Orb.
     0 | D:1      | Reached XP level 1. HP: 19/19 MP: 1/1
    33 | D:1      | Found Tyacw's Distillery.
   154 | D:1      | Reached XP level 2. HP: 18/25 MP: 2/2
   178 | D:1      | XOM: silly message
   424 | D:1      | Reached skill level 4 in Axes
   424 | D:1      | Found a faded altar of an unknown god.
   631 | D:1      | XOM: silly message
   687 | D:1      | Reached XP level 3. HP: 30/31 MP: 3/3
   918 | D:2      | XOM: silly message
   930 | D:2      | XOM: 1-stop teleportation journey
  1027 | D:2      | Noticed a shapeshifter
  1027 | D:2      | a jackal changed into a shapeshifter
  1027 | D:2      | Noticed a jumping spider
  1027 | D:2      | a shapeshifter changed into a jumping spider
  1031 | D:2      | Noticed a raiju
  1031 | D:2      | a jumping spider changed into a raiju
  1034 | D:2      | Noticed a blink frog
  1034 | D:2      | a raiju changed into a blink frog
  1048 | D:2      | XOM: chaos upgrade
  1058 | D:2      | Noticed a lindwurm
  1058 | D:2      | a blink frog changed into a lindwurm
  1062 | D:2      | HP: 2/46 [lindwurm (shapeshifter)/blast of flame (6)]
  1063 | D:2      | Slain by a lindwurm (shapeshifter)

Illustrated notes

Levels and vault maps discovered:
D:1:      minmay_arrival_cross, layout_basic, serial_shops, shop,
          basic_ecumenical_altar
D:2:      layout_basic

Skill      XL: |  1  2 |
---------------+-------+-----
Axes           | 4 |  4.4
Fighting       | |  3.0
Armour         | |  1.5
Dodging        | |  0.7

Action                   || total
-------------------------++-------
Melee: Hand axe          ||   100
       Tailslap          ||     8
  Use: Scroll            ||     3
       Potion            ||     1
Armor: Leather armour    ||    58
       Skin              ||     7
Dodge: Dodged            ||    44

Table legend: (Time is in decaauts)
 A = Elapsed time spent in this place.
 B = Non-inter-level travel time spent in this place.
 C = Inter-level travel time spent in this place.
 D = Time resting spent in this place.
 E = Time spent auto-exploring this place.
 F = Levels seen in this place.
 G = Mean time per level.
                   A        B        C        D        E       F      G
               +--------+--------+--------+--------+--------+-----+--------+
         Total |   1073 |   1059 |     14 |      0 |    825 |   2 |  536.5 |
       Dungeon |   1073 |   1059 |     14 |      0 |    825 |   2 |  536.5 |
               +--------+--------+--------+--------+--------+-----+--------+

Top non-repeatable levels by time:
     D:1: 912 daAuts
     D:2: 160 daAuts
